AoeStats
← Schlenkerla23

Arabia

510729968Analyzed
4v4 RM · 15h ago on Oct 2, 2026· 41m 4s· 8 players
Game mode
Random Map
Map size
Large (8 player)
Population
200
Speed
Normal
Resources
Standard
Victory
Conquest
Starting age
Dark Age
Ending age
Imperial Age
RankedLock teamsTeams togetherTeam positionsShared explorationLock speedFull tech treeHidden civsTurbo modeCheats
Victory
Defeat
🇩🇪 Saxons · Germany
1069
+17
🇩🇪 Danes · Germany
1011
+20
🇺🇸 Ethiopians · United States
1007
+20
🇬🇧 Magyars · United Kingdom
1002
+20
🇦🇺 Persians · Australia
1135
-21
🇬🇧 Chinese · United Kingdom
1135
-21
🇮🇳 Burmese · India
1094
-19
🇭🇰 Slavs · Hong Kong SAR China
1022
-16
blankityblanko
7:16 Loom
10:07 Feudal Age
11:21 Double-Bit Axe
16:58 Horse Collar
18:09 Gold Mining
23:23 Castle Age
22:56 Bloodlines
24:36 Husbandry
25:07 Bow Saw
25:21 Scale Mail Armor
24:45 Light Cavalry
27:09 Heavy Plow
28:10 Wheelbarrow
28:23 Scale Barding Armor
30:42 Chain Barding Armor
30:15 Town Watch
30:51 Hand Cart
31:52 Gold Shaft Mining
38:59 Imperial Age
36:34 Town Patrol
40:03 Conscription
40:27 Plate Barding Armor
39:16 Cavalier
41:50 Two-Man Saw
Schlenkerla23
7:36 Loom
9:56 Feudal Age
10:43 Double-Bit Axe
10:38 Horse Collar
12:58 Fletching
19:00 Castle Age
17:47 Padded Archer Armor
19:43 Bloodlines
20:06 Gold Mining
20:54 Bodkin Arrow
21:27 Bow Saw
22:38 Thumb Ring
23:25 Husbandry
25:31 Ballistics
26:31 Leather Archer Armor
32:38 Wheelbarrow
35:08 Imperial Age
34:31 Scale Mail Armor
34:42 Forging
33:55 Pikeman
34:38 Squires
34:24 Arson
35:47 Chain Mail Armor
36:12 Halberdier
36:17 Cranequins
37:17 Heavy Plow
37:47 Conscription
40:17 Bracer
40:47 Ring Archer Armor
41:21 Chemistry
ChamberMC
9:05 Loom
11:42 Feudal Age
12:50 Double-Bit Axe
12:47 Horse Collar
20:15 Castle Age
20:00 Fletching
20:10 Padded Archer Armor
20:44 Gold Mining
20:50 Stone Mining
21:55 Bow Saw
21:55 Bodkin Arrow
23:12 Leather Archer Armor
24:27 Thumb Ring
25:13 Ballistics
28:13 Scale Mail Armor
28:24 Forging
30:33 Stone Mining
31:22 Arson
31:30 Gambesons
37:14 Chain Mail Armor
37:35 Iron Casting
38:21 Wheelbarrow
38:35 Hamask
DPtheBananaKing
11:27 Feudal Age
18:27 Castle Age
16:28 Double-Bit Axe
16:25 Horse Collar
18:31 Loom
24:50 Squires
25:06 Forging
25:29 Gold Mining
25:33 Stone Mining
25:47 Heavy Plow
26:00 Bow Saw
29:32 Imperial Age
28:01 Wheelbarrow
28:07 Scale Mail Armor
27:57 Arson
29:15 Royal Heirs
32:34 Chemistry
31:59 Elite Shotel Warrior
33:02 Chain Mail Armor
33:27 Conscription
40:20 Illumination
40:31 Theocracy
kailashsaravanaraj
10:56 Feudal Age
14:38 Castle Age
28:57 Wheelbarrow
32:23 Gold Mining
36:37 Scale Barding Armor
37:51 Padded Archer Armor
38:14 Chain Barding Armor
37:57 Elite Skirmisher
39:59 Forging
42:48 Imperial Age
Lovebird
1:00 Loom
12:11 Feudal Age
16:26 Castle Age
14:39 Stone Mining
15:39 Horse Collar
15:48 Double-Bit Axe
K
10:40 Feudal Age
12:23 Loom
13:00 Double-Bit Axe
13:00 Horse Collar
23:41 Castle Age
23:02 Fletching
23:27 Forging
23:21 Scale Mail Armor
24:12 Crossbowman
24:57 Bodkin Arrow
29:06 Gold Mining
28:42 Pikeman
Pennon
12:50 Feudal Age
17:50 Castle Age
19:01 Double-Bit Axe
19:09 Loom
20:07 Bow Saw
19:40 Horse Collar
24:51 Wheelbarrow
25:02 Forging
25:40 Heavy Plow
29:38 Town Watch
30:50 Scale Barding Armor
31:21 Iron Casting
32:59 Chain Barding Armor
37:22 Imperial Age
39:17 Blast Furnace
38:52 Plate Barding Armor
38:48 Bloodlines
38:38 Husbandry
38:39 Cavalier
Connection lost

Rejoining the realm…

Still unreachable

The connection could not be restored.

Session expired

The server has moved on; the page needs a fresh start.